 Dungeon Sprint DCSS version 0.14-a0-3329-g86b2fc4 (webtiles) character file.

189 BluebellGnoll the Gouger (level 5, -12/22 HPs)
             Began as a Felid Transmuter on Mar 16, 2014.
             Was a Believer of Dithmenos.
             Killed from afar by a hell hound (18 damage)
             ... with a blast of flame
             ... in the Dungeon (Sprint IX: "|||||||||||||||||||||||||||||").
             The game lasted 00:04:13 (393 turns).

BluebellGnoll the Gouger (Felid Transmuter)          Turns: 393, Time: 00:04:13

HP -12/22        AC  2     Str  6      XL: 5   Next: 40%
MP   9/12        EV 24     Int 22      God: Dithmenos [**....]
Gold 0           SH  0     Dex 17      Spells:  2 memorised,  2 levels left
Lives: 0, deaths: 1

rFire  . . .     SeeInvis +       - Unarmed
rCold  . . .     Clarity  .     (armour unavailable)
rNeg   . . .     Conserve .     (shield unavailable)
rPois  .         rCorr    .     (helmet unavailable)
rElec  .         rRot     .     (cloak unavailable)
SustAb . .       Spirit   .     (gloves unavailable)
rMut   .         Warding  .     (boots unavailable)
Saprov . . .     NoTele   +     (no amulet)
MR     .....                    n - +3 ring of intelligence
                                m - +3 ring of intelligence

@: wreathed by umbra, quick, not resistant to hostile enchantments, stealthy
A: paw claws, no armour, no weapons or thrown items, fangs 3, see invisible,
carnivore 3, speed 1, shaggy fur 2, slow metabolism 1, jump 2
a: Jump Attack, Shadow Step, Renounce Religion


You were in the Dungeon.
You worshipped Dithmenos.
Dithmenos was pleased with you.
You were not hungry.

You visited 1 branch

Inventory:

Missiles
 b - 12 arrows
Comestibles
 a - 13 meat rations
 i - 2 rotting chunks of ogre flesh
Scrolls
 j - 2 scrolls of blinking
 k - 3 scrolls of remove curse
 l - 2 scrolls of amnesia
Jewellery
 m - a +3 ring of intelligence (left paw)
 n - a +3 ring of intelligence (right paw)
Potions
 c - a potion of invisibility
 e - 5 potions of curing
 f - 3 potions of heal wounds
 g - a potion of haste
 h - 4 potions of magic
Books
 d - a book of Changes

   Spells                             Type                      Level
   *Beastly Appendage                 Transmutation                1
   Sticks to Snakes                   Transmutation                2
   Spider Form                        Transmutation/Poison         3
   Ice Form                           Ice/Transmutation            4
   *Blade Hands                       Transmutation                5


   Skills:
 - Level 1.0 Fighting
 + Level 8.1 Dodging
 - Level 10.8 Unarmed Combat
 - Level 2.0 Spellcasting
 - Level 7.8 Transmutations


You had 2 spell levels left.
You knew the following spells:

 Your Spells              Type           Power        Failure   Level  Hunger
a - Beastly Appendage     Trmt           #####.       1%          1    #......
b - Blade Hands           Trmt           #####.....   17%         5    ######.


Dungeon Overview and Level Annotations

Branches:
Dungeon (1/1)

Altars:
Ashenzari
Cheibriados
Dithmenos
Elyvilon
Fedhas
Kikubaaqudgha
Makhleb
Nemelex Xobeh
Okawaru
Sif Muna
Trog
Vehumet
Xom
Yredelemnul
Zin
The Shining One


Innate Abilities, Weirdness & Mutations

You cannot wear armour.
You are incapable of wielding weapons or throwing items.
Your paws have sharp claws.
You have razor-sharp teeth.
You have supernaturally acute eyesight.
You are carnivorous and can eat meat at any time.
You cover ground quickly.
You are covered in thick fur (AC +2).
You have a slow metabolism.
You can jump attack at a medium distance.


Message History

The blast of flame hits you!
Ouch! That really hurt!
* * * LOW HITPOINT WARNING * * *
You claw the hell hound!
The hell hound is moderately wounded.
The hell hound misses you.
You claw the hell hound!
The hell hound is severely wounded.
The hell hound completely misses you.
The hell hound stops to sniff the ground.
A wolf comes into view.
You scratch the hell hound.
The hell hound is almost dead.
The hell hound misses you. The hell hound breathes flames at you.
The blast of flame hits the hell hound.
The hell hound completely resists.
The blast of flame hits the hell hound.
The hell hound completely resists.
The blast of flame hits you!
Ouch! That really hurt!
You die...

▓[▓
▓h▓
▓.▓
▓h▓
▓.▓
▓h▓
▓'▓
▓h▓
▓%▓
▓h▓
▓.▓
▓h▓
▓.▓
▓h▓
▓.▓
▓h▓.▓
▓.▓
▓@▓.▓
▓%▓
▓%▓.▓
▓T▓
▓.▓.▓
▓z▓
▓[▓.▓
▓9▓
▓[▓.▓
▓H▓
▓[▓.▓
▓.▓
▓[▓.▓
▓C▓
▓.▓.▓
▓.▓
▓.▓.▓


You could see a warg, 4 hell hounds and 3 wolves.

Vanquished Creatures
  An ugly thing (D)
  An ogre (D)
  2 crimson imps (D)
  2 jellies (D)
  An adder (D)
  2 orcs (D)
  A bat (D)
  A goblin (D)
  2 jackals (D)
  A giant newt (D)
  A kobold zombie (D)
  2 rats (D)
17 creatures vanquished.

Notes
Turn   | Place    | Note
--------------------------------------------------------------
     0 | D        | BluebellGnoll, the Felid Transmuter, began the quest for the Orb.
     0 | D        | Reached XP level 1. HP: 9/9 MP: 4/4
    18 | D        | Reached skill level 4 in Unarmed Combat
    53 | D        | Noticed a jelly
    53 | D        | Noticed a crimson imp
    53 | D        | Noticed an ogre
    58 | D        | Killed a jelly
    58 | D        | Reached skill level 7 in Unarmed Combat
    58 | D        | Reached XP level 2. HP: 12/12 MP: 3/5
    58 | D        | Reached XP level 3. HP: 14/15 MP: 4/8
    61 | D        | Killed a crimson imp
    61 | D        | Reached skill level 8 in Unarmed Combat
    61 | D        | Reached XP level 4. HP: 14/19 MP: 5/10
    70 | D        | Killed an ogre
    70 | D        | Reached skill level 10 in Unarmed Combat
    70 | D        | Reached XP level 5. HP: 16/22 MP: 7/12
   118 | D        | Found a blossoming altar of Fedhas.
   118 | D        | Found a shattered altar of Ashenzari.
   118 | D        | Found an ancient bone altar of Kikubaaqudgha.
   118 | D        | Found a bloodstained altar of Trog.
   118 | D        | Found a snail-covered altar of Cheibriados.
   118 | D        | Found a white marble altar of Elyvilon.
   118 | D        | Found a shadowy altar of Dithmenos.
   119 | D        | Found a shimmering altar of Xom.
   120 | D        | Found a burning altar of Makhleb.
   121 | D        | Found a radiant altar of Vehumet.
   122 | D        | Found a deep blue altar of Sif Muna.
   123 | D        | Found a glowing silver altar of Zin.
   124 | D        | Found a basalt altar of Yredelemnul.
   125 | D        | Found a glowing golden altar of the Shining One.
   126 | D        | Found an iron altar of Okawaru.
   127 | D        | Found a sparkling altar of Nemelex Xobeh.
   128 | D        | Found a radiant altar of Vehumet.
   129 | D        | Found an ancient bone altar of Kikubaaqudgha.
   141 | D        | Became a worshipper of Dithmenos
   323 | D        | Learned a level 5 spell: Blade Hands
   324 | D        | Noticed a jelly
   324 | D        | Noticed a crimson imp
   329 | D        | Killed a jelly
   329 | D        | Reached skill level 5 in Dodging
   334 | D        | Killed a crimson imp
   337 | D        | Acquired Dithmenos' first power
   351 | D        | Noticed a green ugly thing
   351 | D        | Noticed a troll
   351 | D        | Noticed a gargoyle
   351 | D        | Noticed a griffon
   351 | D        | Noticed a hill giant
   362 | D        | Killed a green ugly thing
   362 | D        | Gained mutation: You are covered in thick fur (AC +2). [growing up]
   362 | D        | Gained mutation: You can jump attack at a medium distance. [growing up]
   362 | D        | Reached XP level 6. HP: 25/25 MP: 14/14
   364 | D        | Slain by a troll
   365 | D        | Reached XP level 5. HP: -2/22 MP: 12/12
   386 | D        | Noticed a hell hound
   386 | D        | Noticed a hell hound
   386 | D        | Noticed a hell hound
   387 | D        | Noticed a wolf
   387 | D        | Noticed a wolf
   389 | D        | Noticed a hell hound
   390 | D        | Noticed a warg
   393 | D        | Noticed a wolf
   393 | D        | Killed from afar by a hell hound

Action                   |  1- 3 |  4- 6 || total
-------------------------+-------+-------++-------
Melee: Unarmed           |    19 |    38 ||    57
 Cast: Beastly Appendage |     2 |     2 ||     4
       Blade Hands       |       |     1 ||     1
  Use: Potion            |     1 |       ||     1
